 Dungeon Crawl Stone Soup version 0.30-a0-576-g89cddaab80 (webtiles) character file.

Game seed: 14657255226397046805

16 OTABOTABOTAB the Insei (level 2, 23/23 HPs)
             Began as a Gnoll Transmuter on Dec 31, 2022.
             Quit the game on level 1 of the Dungeon.
             The game lasted 00:01:00 (459 turns).

OTABOTABOTAB the Insei (Gnoll Transmuter)            Turns: 459, Time: 00:01:01

Health: 23/23      AC:  2    Str:  9    XL:     2   Next: 54%
Magic:  7/7        EV: 13    Int: 12    God:
Gold:   38         SH:  0    Dex: 12    Spells: 9/10 levels left

rFire   . . .      SeeInvis .      - Unarmed
rCold   . . .      Faith    .    (no shield)
rNeg    . . .      Spirit   .    a - +0 robe
rPois   .          Reflect  .    (no helmet)
rElec   .          Harm     .    (no cloak)
rCorr   .          Rampage  .    (no gloves)
Will    .....                    (no boots)
Stlth   +                        (no amulet)
HPRegen 0.23/turn                Q - +4 ring of slaying
MPRegen 0.10/turn                (no ring)

@: no status effects
A: fangs 1, strong nose, distributed training
a: no special abilities


You were on level 1 of the Dungeon.
You visited 1 branch of the dungeon, and saw 1 of its levels.

You collected 38 gold pieces.

Inventory:

Missiles
 s - 9 stones
Armour
 a - a +0 robe (worn)
Magical Staves
 d - a staff of conjuration
   (You found it on level 1 of the Dungeon)
Jewellery
 Q - a +4 ring of slaying (left hand)
   (You found it on level 1 of the Dungeon)
Potions
 b - a potion of haste {unknown}
 c - a potion of invisibility {unknown}
 P - 2 potions of lignification {!q}


   Skills:
 + Level 2.5 Fighting
 + Level 0.5 Short Blades
 + Level 0.5 Long Blades
 + Level 0.5 Axes
 + Level 0.5 Maces & Flails
 + Level 0.5 Polearms
 + Level 0.5 Staves
 + Level 0.5 Ranged Weapons
 + Level 0.5 Throwing
 + Level 0.5 Armour
 + Level 4.5 Dodging
 + Level 0.5 Stealth
 + Level 0.5 Shields
 + Level 6.5 Unarmed Combat
 + Level 4.9 Spellcasting
 + Level 0.3 Conjurations
 + Level 0.3 Hexes
 + Level 0.3 Summonings
 + Level 0.3 Necromancy
 + Level 0.3 Translocations
 + Level 3.7 Transmutations
 + Level 0.3 Fire Magic
 + Level 0.3 Ice Magic
 + Level 0.3 Air Magic
 + Level 0.3 Earth Magic
 + Level 0.3 Poison Magic
 + Level 0.6 Invocations
 + Level 0.5 Evocations


You had 9 spell levels left.
You knew the following spells:

 Your Spells              Type           Power      Damage    Failure   Level
a - Beastly Appendage     Tmut           22%        N/A       4%          1

Your spell library contained the following spells:

 Spells                   Type           Power      Damage    Failure   Level
 Wereblood                Tmut           11%        N/A       7%          2
 Spider Form              Tmut/Pois      7%         N/A       26%         3
 Ice Form                 Ice/Tmut       7%         N/A       65%         4


Dungeon Overview and Level Annotations

Branches:
Dungeon (1/15)

Altars:


Innate Abilities, Weirdness & Mutations

You have very sharp teeth.
Your uncanny sense of smell can sniff out nearby items.
Your experience applies equally to all skills.


Message History

You now have 6/7 mp.
You hit the giant cockroach.
You kill the giant cockroach!
No target in view!
Unknown command.
No target in view!
Your horns disappear.
Your talons disappear.
s - 8 stones (gained 6)
c - an emerald potion MP restored: 7 You now have 33 gold pieces (gained 14).
There is a faded altar of an unknown god here.
d - a staff of conjuration An endoplasm comes into view.
An endoplasm is nearby!
An endoplasm is nearby!
An endoplasm is nearby!
You grow a pair of large bovine horns.
Your feet morph into talons.
The endoplasm quivers.
You now have 6/7 mp.
A rat comes into view.
You hit the endoplasm. You headbutt the endoplasm.
You kill the endoplasm!
Unknown command.
A bat comes into view.
You closely miss the rat. You claw the rat.
You kill the rat!
The bat hits you.
You take 1 damage, and have 22/23 hp.
You barely miss the bat. Your kick misses the bat. The bat closely misses you.
The bat barely misses you.
Unknown command.
The bat hits you but does no damage.
You hit the bat.
You kill the bat!
The bat closely misses you.
Health restored: 23; MP restored: 7 The bat misses you.
Your transformation is almost over.
The bat hits you but does no damage.
You barely miss the bat. Your kick misses the bat. You headbutt the bat.
Your bite misses the bat. The bat misses you. The bat barely misses you.
You miss the bat. Your kick misses the bat. Your bite misses the bat.
The bat misses you.
You punch the bat!
You kill the bat!
No target in view!
No target in view!
Your horns disappear.
Your talons disappear.
You now have 38 gold pieces (gained 5).
A ball python comes into view.
A ball python is nearby!
A ball python is nearby!
A ball python is nearby!
You grow a pair of large bovine horns.
Your feet morph into talons.
You now have 6/7 mp.
Your transformation is almost over.
The ball python bites you but does no damage.
The ball python grabs you. The ball python constricts you.
You barely miss the ball python. Your kick misses the ball python.
You headbutt the ball python, but do no damage.
The ball python barely misses you. The ball python constricts you.
You hit the ball python.
You kill the ball python!
No target in view!
Your horns disappear.
Your talons disappear.
A kobold comes into view. It is wielding a +0 whip.
MP restored: 7 A kobold is nearby!
A kobold is nearby!
The kobold shouts!
The kobold throws a stone.
The stone closely misses you.
You grow a pair of large bovine horns.
Your feet morph into talons.
The kobold throws a stone.
The stone closely misses you.
You now have 6/7 mp.
Unknown command.
The kobold barely misses you.
You closely miss the kobold. Your kick misses the kobold.
Your bite misses the kobold. The kobold hits you with a +0 whip.
You take 1 damage, and have 22/23 hp.
You barely miss the kobold. You bite the kobold.
The kobold hits you with a +0 whip.
You take 3 damage, and have 19/23 hp.
You closely miss the kobold. Your bite misses the kobold.
The kobold completely misses you.
You hit the kobold.
You kill the kobold!
No target in view!
No target in view!
Your horns disappear.
Your talons disappear.
s - 9 stones (gained 1)
Things that are here:
a +0 whip; a kobold corpse Done exploring.
Health restored: 23; MP restored: 7 Done exploring.
Done exploring.
Done exploring.

################ #....##.....@..#
##....#######...# #..#...##
##...## ###.###...###...### ####
##...# ##...⌠...##.# #..# ...###
##.._..##..# #..#
...########...##...# #..#
..........#...#....###### #.#####
....#######...##........###.#...#


There were no monsters in sight!

Vanquished Creatures
  An endoplasm (D:1)
  A giant cockroach (D:1)
  A goblin (D:1)
  A hobgoblin (D:1)
  2 kobolds (D:1)
  2 ball pythons (D:1)
  4 bats (D:1)
  3 frilled lizards (D:1)
  A rat (D:1)
16 creatures vanquished.

Notes
Turn   | Place    | Note
-------+----------+-------------------------------------------
     0 | D:1      | OTABOTABOTAB the Gnoll Transmuter began the quest for the
                  | Orb.
     0 | D:1      | Reached XP level 1. HP: 17/17 MP: 6/6
   213 | D:1      | Reached XP level 2. HP: 22/23 MP: 7/7
   237 | D:1      | Found a faded altar of an unknown god.
   459 | D:1      | Quit the game

Illustrated notes

Levels and vault maps discovered:
D:1:      amcnicky_arrival_wind_blow, layout_rooms,
          hellmonk_ecumenical_altar_crossroads

Action                   || total
-------------------------++-------
Melee: Unarmed           ||    27
       Headbutt          ||     4
       Kick              ||     2
       Bite              ||     1
Throw: Stone             ||     4
 Cast: Beastly Appendage ||    10
 Abil: End Transformatio ||     5
Armor: Robe              ||     4
Dodge: Dodged            ||    20

Table legend: (Time is in decaauts)
 A = Elapsed time spent in this place.
 B = Non-inter-level travel time spent in this place.
 C = Inter-level travel time spent in this place.
 D = Time resting spent in this place.
 E = Time spent auto-exploring this place.
 F = Levels seen in this place.
 G = Mean time per level.
                   A        B        C        D        E       F      G
               +--------+--------+--------+--------+--------+-----+--------+
         Total |    455 |    455 |      0 |      0 |    366 |   1 |  455.0 |
       Dungeon |    455 |    455 |      0 |      0 |    366 |   1 |  455.0 |
               +--------+--------+--------+--------+--------+-----+--------+

Top non-repeatable levels by time:
     D:1: 455 daAuts

Table legend:
 A = Kills in this place as a percentage of kills in entire the game.
 B = Kills by you in this place as a percentage of kills by you in the entire game.
 C = Kills by friends in this place as a percentage of kills by friends in the entire game.
 D = Other kills in this place as a percentage of other kills in the entire game.
 E = Experience gained in this place as a percentage of experience gained in the entire game.
 F = Experience gained in this place divided by the number of levels of this place that you have seen.
                   A       B       C       D       E      F
               +-------+-------+-------+-------+-------+----------------------
         Total | 100.0 | 100.0 |   N/A |   N/A | 100.0 |  23.0
       Dungeon | 100.0 | 100.0 |   N/A |   N/A | 100.0 |  23.0
               +-------+-------+-------+-------+-------+----------------------
